 Dungeon Crawl Stone Soup version 0.27-a0-773-gaaee5cf45b (webtiles) character file.

Game seed: 11195880594424631649

1259 leviel the Skirmisher (level 8, -12/54 HPs)
             Began as a Gargoyle Fighter on Mar 26, 2021.
             Mangled by Menkaure (16 damage)
             ... on level 5 of the Dungeon.
             The game lasted 00:19:25 (5390 turns).

leviel the Skirmisher (Gargoyle Fighter)            Turns: 5390, Time: 00:19:26

Health: -12/54     AC: 14    Str: 23    XL:     8   Next: 51%
Magic:  8/8        EV:  7    Int:  8    God:
Gold:   210        SH:  9    Dex:  9    Spells: 7/7 levels left

rFire    . . .     SeeInvis .   a - +2 morningstar (venom)
rCold    . . .     Faith    .   c - +0 kite shield
rNeg     + . .     Spirit   .   b - +1 scale mail
rPois    ∞         Reflect  .   (no helmet)
rElec    +         Harm     .   (no cloak)
rCorr    .         Rampage  .   (no gloves)
Will     .....                  d - +0 pair of boots
Stlth    ..........             (no amulet)
HPRegen  0.18/turn              (no ring)
MPRegen  0.11/turn              q - +4 ring of slaying

@: no status effects
A: AC +5, negative energy resistance 1, electricity resistance, torment
resistance 1, unbreathing 1, petrification resistance
a: no special abilities


You were on level 5 of the Dungeon.
You visited 1 branch of the dungeon, and saw 5 of its levels.
You also visited: Sewer.

You collected 210 gold pieces.

Inventory:

Hand Weapons
 a - a +2 morningstar of venom (weapon)
Missiles
 g - 4 atropa-tipped darts
 t - 71 poisoned darts (quivered)
Armour
 b - a +1 scale mail (worn)
 c - a +0 kite shield (worn)
 d - a +0 pair of boots (worn)
Jewellery
 m - a +6 ring of intelligence
 q - a +4 ring of slaying (left hand)
Wands
 y - a wand of random effects (24)
Scrolls
 e - a scroll of fear
 i - 4 scrolls of identify
 j - a scroll of noise
 k - 3 scrolls of enchant weapon
 v - 3 scrolls of vulnerability
Potions
 f - 3 potions of ambrosia
 h - a potion of magic {unknown}
 l - a potion of berserk rage {unknown}
 o - a potion of lignification {unknown}
 r - 3 potions of brilliance {unknown}
 s - 5 potions of heal wounds
 u - 2 potions of flight
 w - 2 potions of curing


   Skills:
 * Level 7.8 Fighting
 + Level 5.0 Maces & Flails
 + Level 2.2 Throwing
 - Level 3.9 Armour
 - Level 4.0 Shields
 + Level 3.7 Evocations


You had 7 spell levels left.
You didn't know any spells.
Your spell library contained the following spells:

 Spells                   Type           Power      Damage    Failure   Level
 Corona                   Hex            0%         N/A       99%         1
 Ensorcelled Hibernation  Hex/Ice        0%         N/A       100%        2
 Confusing Touch          Hex            0%         N/A       100%        3
 Dazzling Flash           Conj/Hex       0%         N/A       100%        3
 Tukima's Dance           Hex            0%         N/A       100%        3


Dungeon Overview and Level Annotations

Branches:
Dungeon (5/15)              Sewer (visited)
 Temple: D:4-7

Altars:
Dithmenos
Qazlal
Uskayaw
Yredelemnul

Annotations:
D:4 1 runed translucent door
D:5 Menkaure


Innate Abilities, Weirdness & Mutations

Your stone body is resilient. (AC +5)
You are immune to poison.
You resist negative energy. (rN+)
You are resistant to electric shocks. (rElec)
You are resistant to unholy torment.
You can survive without breathing.
You are immune to petrification.


Message History

Menkaure calls on the powers of darkness!
Your body is wracked with pain!
The shadow imp hits you but does no damage.
You sock the shadow imp!
You kill the shadow imp!
You puncture the howler monkey skeleton!
The howler monkey skeleton is heavily damaged.
The howler monkey skeleton hits you but does no damage.
Menkaure mumbles some strange words.
Menkaure seems to speed up.
The howler monkey skeleton closely misses you.
You impale the howler monkey skeleton!!
You destroy the howler monkey skeleton!
You block Menkaure's attack.
You hit Menkaure.
Menkaure is lightly damaged.
Menkaure hits you! Menkaure barely misses you.
You hit Menkaure.
Menkaure is moderately damaged.
Menkaure hits you.
You are too injured to fight recklessly!
You are too injured to fight recklessly!
You are too injured to fight recklessly!
You are too injured to fight recklessly!
You are too injured to fight recklessly!
You feel much better. Menkaure hits you! Menkaure hits you.
You barely miss Menkaure.
Menkaure is moderately damaged.
Menkaure hits you but does no damage.
You barely miss Menkaure.
Menkaure is moderately damaged.
Menkaure hits you!
Menkaure calls on the powers of darkness!
Your body is wracked with pain!
You barely miss Menkaure.
Menkaure is lightly damaged.
Menkaure hits you!
* * * LOW HITPOINT WARNING * * *
Menkaure hits you!
You die...

#....... #......
#..(.. #....
.... #?. #M#
#@### #...#
###.# #.# #.#
#####
#.##########....
#............###
##############


You could see Menkaure (fast).

Vanquished Creatures
  Sigmund (D:3)
  Duvessa (D:5)
  An ice beast (D:5)
  A black bear (D:5)
  2 phantoms (D:5)
  3 kobold brigands (Sewer)
  Dowan (D:5)
  A bullfrog zombie (D:5)
  A jelly (D:4)
  A hound zombie (D:5)
  3 hound skeletons
  Robin (D:2)
  4 gnolls (D:2)
  A howler monkey skeleton (D:5)
  3 adders
  6 river rats
  A shadow imp (D:5)
  An adder skeleton (D:4)
  8 worms
  A dart slug (D:1)
  6 orcs (D:4)
  12 ball pythons
  7 endoplasms
  2 giant cockroaches
  19 goblins
  11 hobgoblins
  8 jackals
  A quokka (D:1)
  5 bats
  2 frilled lizards
  A jackal skeleton (D:4)
  16 kobolds
  A kobold zombie (D:4)
  23 rats
156 creatures vanquished.

Notes
Turn   | Place    | Note
-------+----------+-------------------------------------------
     0 | D:1      | leviel the Gargoyle Fighter began the quest for the Orb.
     0 | D:1      | Reached XP level 1. HP: 14/14 MP: 1/1
   225 | D:1      | Reached XP level 2. HP: 19/19 MP: 2/2
   854 | D:1      | Reached XP level 3. HP: 24/24 MP: 3/3
  1117 | D:2      | Found a shadowy altar of Dithmenos.
  1613 | D:2      | Reached skill level 4 in Fighting
  1632 | D:2      | Reached XP level 4. HP: 15/29 MP: 4/4
  1888 | D:2      | Noticed Robin
  1956 | D:2      | Killed Robin
  1957 | D:2      | Reached skill level 1 in Evocations
  2238 | D:2      | Reached XP level 5. HP: 31/34 MP: 5/5
  2436 | D:3      | Noticed a fire elemental
  2626 | D:3      | Found a glowing drain.
  2635 | Sewer    | Entered a sewer
  2867 | Sewer    | Noticed a kobold brigand
  2867 | Sewer    | Noticed a kobold brigand
  2873 | Sewer    | Killed a kobold brigand
  2874 | Sewer    | Reached skill level 5 in Fighting
  2874 | Sewer    | Reached XP level 6. HP: 37/40 MP: 6/6
  3208 | Sewer    | Reached XP level 7. HP: 45/45 MP: 7/7
  3214 | Sewer    | Reached skill level 6 in Fighting
  3510 | D:3      | Noticed an air elemental
  3512 | D:3      | Found a stormy altar of Qazlal.
  3519 | D:3      | Noticed a water elemental
  3538 | D:3      | Noticed Sigmund
  3553 | D:3      | Killed Sigmund
  4145 | D:4      | Found a runed translucent door.
  4145 | D:4      | Noticed a human
  4146 | D:4      | Found a basalt altar of Yredelemnul.
  4174 | D:4      | Found a hide-covered altar of Uskayaw.
  4709 | D:5      | Entered Level 5 of the Dungeon
  4723 | D:5      | Reached skill level 1 in Throwing
  4750 | D:5      | Reached skill level 7 in Fighting
  4750 | D:5      | Reached XP level 8. HP: 53/53 MP: 8/8
  5041 | D:5      | Noticed Duvessa
  5050 | D:5      | Killed Duvessa
  5052 | D:5      | Noticed Dowan
  5059 | D:5      | Killed Dowan
  5140 | D:5      | Reached skill level 5 in Maces & Flails
  5372 | D:5      | Noticed Menkaure
  5390 | D:5      | Mangled by Menkaure

Illustrated notes

Levels and vault maps discovered:
D:1:      dpeg_arrival_concentric_ovals, layout_loops_ring
D:2:      layout_loops_cross, marbit_many_paths, uniq_robin
D:3:      layout_basic, nicolae_qazlal_style_of_elements,
          lightli_sewer_entry_pipes, uniq_sigmund
D:4:      layout_cave_pools, old_standard_altar, dk_yredelemnul_ordeal
D:5:      layout_loops_ring, serial_shops, kennysheep_little_box, uniq_menkaure,
          uniq_duvessa

Skill      XL: |  1  2  3  4  5  6  7  8 |
---------------+-------------------------+-----
Fighting       | 4 5 7 |  7.8
Evocations     | 1 2 3 |  3.7
Shields        | 4 |  4.0
Maces & Flails | 3 4 5 |  5.0
Throwing       | 1 2 |  2.2
Armour         | |  3.9

Action                   |  1- 3 |  4- 6 |  7- 9 || total
-------------------------+-------+-------+-------++-------
Melee: Flail             |   120 |   210 |    87 ||   417
       Morningstar       |       |       |    62 ||    62
Throw: Dart              |       |       |    24 ||    24
  Use: Potion            |     1 |       |     4 ||     5
       Scroll            |       |       |     9 ||     9
Armor: Scale mail        |    53 |   170 |    94 ||   317
Dodge: Dodged            |    23 |    82 |    39 ||   144
Block: Kite shield       |    61 |   148 |    84 ||   293

Table legend: (Time is in decaauts)
 A = Elapsed time spent in this place.
 B = Non-inter-level travel time spent in this place.
 C = Inter-level travel time spent in this place.
 D = Time resting spent in this place.
 E = Time spent auto-exploring this place.
 F = Levels seen in this place.
 G = Mean time per level.
                   A        B        C        D        E       F      G
               +--------+--------+--------+--------+--------+-----+--------+
         Total |   5680 |   5514 |    166 |    397 |   3935 |   6 |  946.7 |
       Dungeon |   4869 |   4703 |    166 |    397 |   3397 |   5 |  973.8 |
         Sewer |    811 |    811 |      0 |      0 |    538 |   1 |  811.0 |
               +--------+--------+--------+--------+--------+-----+--------+

Top non-repeatable levels by time:
     D:2: 1456 daAuts
     D:1: 1069 daAuts
     D:3: 945 daAuts
   Sewer: 811 daAuts
     D:5: 710 daAuts
     D:4: 686 daAuts
